 Dungeon Crawl Stone Soup version 0.28-a0-1387-g3a22ab9bdc (webtiles) character file.

Game seed: 3373621642138373293

504 Sabo the Gusty (level 6, 0/47 HPs)
             Began as a Draconian Air Elementalist on Jan 2, 2022.
             Was a High Priest of Ignis.
             Succumbed to a water moccasin's poison
             ... on level 5 of the Dungeon on Jan 3, 2022.
             The game lasted 00:32:20 (6471 turns).

Sabo the Gusty (Draconian Air Elementalist)         Turns: 6471, Time: 00:32:21

Health: 0/47       AC:  9    Str: 11      XL:     6   Next: 96%
Magic:  6/11       EV: 12    Int: 17 (19) God:    Ignis [*****.]
Gold:   195        SH:  5    Dex: 10 (11) Spells: 11/12 levels left

rFire   + . .      SeeInvis .   s - +4 quarterstaff
rCold   . . .      Faith    .   (shield currently unavailable)
rNeg    + . .      Spirit   .   (armour unavailable)
rPois   .          Reflect  +   (helmet restricted)
rElec   .          Harm     .   i - +1 cloak
rCorr   .          Rampage  .   (no gloves)
Will    .....                   l - +0 pair of boots
Stlth   ++........              p - amulet of reflection
HPRegen 0.15/turn               u - ring of positive energy
MPRegen 0.12/turn               (no ring)

@: lethally poisoned (0 -> -24)
A: AC +6, unfitting armour, cold-blooded, beak, clever 1
a: Renounce Religion, Fiery Armour, Foxfire Swarm, Rising Flame


You were on level 5 of the Dungeon.
You worshipped Ignis.
Ignis was extremely pleased with you.
You visited 1 branch of the dungeon, and saw 5 of its levels.

You collected 195 gold pieces.

Inventory:

Hand Weapons
 e - a +0 short sword
 s - a +4 quarterstaff (weapon)
Missiles
 f - 11 poisoned darts (quivered)
 h - 53 sling bullets
 q - 9 bolts
Armour
 g - an orb of mayhem
 i - a +1 cloak (worn)
 l - a +0 pair of boots (worn)
Jewellery
 p - an amulet of reflection (around neck)
 u - a ring of positive energy (left hand)
Wands
 m - a wand of charming (9)
 o - a wand of digging (4)
Scrolls
 k - a scroll of silence {unknown}
 n - a scroll of blinking
 r - a scroll of fear {unknown}
 t - a scroll of vulnerability {unknown}
Potions
 c - a potion of berserk rage
 v - a potion of might {unknown}


   Skills:
 + Level 1.2 Fighting
 + Level 2.0 Short Blades
 + Level 0.6 Staves
 + Level 2.5 Dodging
 + Level 2.8 Stealth
 + Level 0.9 Shields
 + Level 3.6 Spellcasting
 + Level 3.0 Conjurations
 + Level 4.5 Air Magic


You had 11 spell levels left.
You knew the following spells:

 Your Spells              Type           Power      Damage    Failure   Level
a - Shock                 Conj/Air       64%        1d7       3%          1

Your spell library contained the following spells:

 Spells                   Type           Power      Damage    Failure   Level
 Static Discharge         Conj/Air       16%        N/A       5%          2
 Swiftness                Air            18%        N/A       8%          3
 Animate Skeleton         Necr           6%         N/A       17%         1
 Apportation              Tloc           6%         N/A       17%         1
 Summon Small Mammal      Summ           12%        N/A       17%         1
 Airstrike                Air            9%         N/A       26%         4
 Gell's Gravitas          Tloc           3%         N/A       45%         3
 Teleport Other           Tloc           3%         N/A       45%         3
 Dispersal                Tloc           1%         N/A       100%        6


Dungeon Overview and Level Annotations

Branches:
Dungeon (5/15)
 Temple: D:4-7

Altars:
Ignis

Annotations:
D:5 Grinder, Ijyb


Innate Abilities, Weirdness & Mutations

Your plain brown scales are hard. (AC +6)
You cannot fit into any form of body armour.
You are cold-blooded and may be slowed by cold attacks.
You have a beak for a mouth.
Your mind is acute. (Int +2)


Message History

Press: ? - help, Shift-Dir - straight line, f/p - necrophage
Aim: a necrophage (severely damaged, 71% to hit)
The zap hits the necrophage.
The necrophage is almost destroyed.
The zap hits the black bear.
The black bear is lightly wounded.
The necrophage barely misses you. The orc misses you.
Casting: Shock (safe; 3% risk of failure)
Confirm with . or Enter, or press ? or * to list all spells.
Aiming: Shock (safe; 3% risk of failure)
Press: ? - help, Shift-Dir - straight line, f/p - necrophage
Aim: a necrophage (almost destroyed, 71% to hit)
The zap hits the necrophage.
The necrophage is almost destroyed.
The zap misses the water moccasin.
The zap hits the black bear.
The black bear is lightly wounded.
The necrophage closely misses you. The orc closely misses you.
You hit the necrophage.
You destroy the necrophage!
You block the water moccasin's attack.
The orc hits you from afar with a +0 trident.
You feel your dexterity returning.
Your life force feels restored.
Your Conjurations skill increases to level 3!
You miss the water moccasin. The water moccasin bites you.
You are lethally poisoned!
The water moccasin poisons you! The orc barely misses you.
The water moccasin bites you.
You are more poisoned.
The water moccasin poisons you!
You hit the water moccasin.
The water moccasin is moderately wounded.
* * * LOW HITPOINT WARNING * * *
You feel extremely sick.
The water moccasin bites you but does no damage.
The orc hits you but does no damage.
The water moccasin bites you but does no damage.
You thump the water moccasin! You peck the water moccasin.
Your tail-slap misses the water moccasin.
The water moccasin is severely wounded.
You die...

#.......###..#
#..##.####..## ..
#..###.## #... ##.#...#
#..#... #...###
#..#...#####.##
.#............##
..............o######..#
..#.≈.###.....hS@.......
....≈. ##.....####...##.
....≈.##......# ### #. .
....≈.........# ####. .
......##......# .... .
..o... #......# #..## .
.###.# #.##.>..# ...# .
#h #.###....... #>##. #.
#.# #...###.# #..#.


You could see a water moccasin, a black bear and an orc.

Vanquished Creatures
  The ghost of Pooter the Ruffian, an amateur TrMo (D:3)
  2 necrophages
  A hound (D:5)
  Jessica (D:3)
  A scorpion zombie (D:5)
  3 adders
  4 orcs
  7 ball pythons
  3 bats
  4 endoplasms
  A giant cockroach (D:1)
  7 goblins
  6 hobgoblins
  8 kobolds
  4 quokkas
  3 frilled lizards
  4 rats
60 creatures vanquished.

Vanquished Creatures (others)
  A fungus (D:2)
1 creature vanquished.

Grand Total: 61 creatures vanquished

Notes
Turn   | Place    | Note
-------+----------+-------------------------------------------
     0 | D:1      | Sabo the Draconian Air Elementalist began the quest for the
                  | Orb.
     0 | D:1      | Reached XP level 1. HP: 14/14 MP: 3/3
   632 | D:1      | Reached XP level 2. HP: 20/20 MP: 0/5
  1378 | D:2      | Found a faded altar of an unknown god.
  1385 | D:2      | Prayed at the altar of an unknown god.
  1385 | D:2      | Became a worshipper of Ignis, the Dying Flame
  1517 | D:2      | Reached XP level 3. HP: 25/26 MP: 0/6
  2886 | D:3      | Noticed Jessica
  2888 | D:3      | Killed Jessica
  2889 | D:3      | Reached skill level 1 in Short Blades
  2889 | D:3      | Reached XP level 4. HP: 34/34 MP: 4/7
  3036 | D:3      | Noticed Pooter's ghost (amateur TrMo)
  3056 | D:3      | Found a runed translucent door.
  4121 | D:3      | Killed Pooter's ghost
  4122 | D:3      | Reached skill level 4 in Air Magic
  4122 | D:3      | Reached XP level 5. HP: 7/39 MP: 2/9
  5064 | D:4      | Noticed a necrophage
  5089 | D:4      | Killed a necrophage
  5090 | D:4      | Reached skill level 1 in Fighting
  5090 | D:4      | Reached XP level 6. HP: 39/47 MP: 6/11
  6019 | D:4      | Gained mutation: You possess an exceptional clarity of
                  | mind. [potion of mutation]
  6019 | D:4      | Gained mutation: You do not regenerate when monsters are
                  | visible. [potion of mutation]
  6020 | D:4      | Lost mutation: You possess an exceptional clarity of mind.
                  | [potion of mutation]
  6020 | D:4      | Lost mutation: You do not regenerate when monsters are
                  | visible. [potion of mutation]
  6020 | D:4      | Gained mutation: Your mind is acute. (Int +2) [potion of
                  | mutation]
  6020 | D:4      | Gained mutation: You have a beak for a mouth. [potion of
                  | mutation]
  6023 | D:5      | Entered Level 5 of the Dungeon
  6037 | D:5      | Noticed Ijyb
  6037 | D:5      | Noticed Grinder
  6038 | D:5      | Noticed a water moccasin
  6039 | D:5      | Paralysed by Grinder for 4 turns
  6066 | D:5      | HP: 2/47 [poisoned by a water moccasin]
  6430 | D:5      | Noticed a water moccasin
  6471 | D:5      | Succumbed to a water moccasin's poison

Illustrated notes

Levels and vault maps discovered:
D:1:      ncdulo_wetmaze, layout_loops_ring
D:2:      layout_loops_ring, shapermc_ecumenical_altar_hornbeckon
D:3:      layout_basic, hellmonk_ghost_happy_afterlife, uniq_jessica
D:4:      layout_gridville, grunt_ministairs_15, hangedman_decor_push,
          eino_small_chamber_without_monster, st_stairs_1
D:5:      layout_rooms, mainiacjoe_overflow_boulevard,
          minmay_temple_entry_large_hall, st_stairs_3, uniq_ijyb, uniq_grinder

Skill      XL: |  1  2  3  4  5  6 |
---------------+-------------------+-----
Dodging        | 2 |  2.5
Stealth        | 2 |  2.8
Short Blades   | 1 2 |  2.0
Spellcasting   | 3 |  3.6
Conjurations   | 2 3 |  3.0
Air Magic      | 4 |  4.5
Fighting       | 1 |  1.2
Staves         | |  0.6
Shields        | |  0.9

Action                   |  1- 3 |  4- 6 || total
-------------------------+-------+-------++-------
Melee: Dagger            |    13 |       ||    13
       Unarmed           |     1 |       ||     1
       Short sword       |    31 |    47 ||    78
       Tailslap          |     4 |     8 ||    12
       Quarterstaff      |       |    23 ||    23
       Peck              |       |     2 ||     2
 Cast: Shock             |    70 |    62 ||   132
  Use: Scroll            |     1 |     4 ||     5
       Potion            |       |     6 ||     6
Armor: Skin              |    15 |    42 ||    57
Dodge: Dodged            |    31 |    70 ||   101
Block: Other             |       |    29 ||    29

Table legend: (Time is in decaauts)
 A = Elapsed time spent in this place.
 B = Non-inter-level travel time spent in this place.
 C = Inter-level travel time spent in this place.
 D = Time resting spent in this place.
 E = Time spent auto-exploring this place.
 F = Levels seen in this place.
 G = Mean time per level.
                   A        B        C        D        E       F      G
               +--------+--------+--------+--------+--------+-----+--------+
         Total |   6490 |   6490 |      0 |   2900 |      0 |   5 | 1298.0 |
       Dungeon |   6490 |   6490 |      0 |   2900 |      0 |   5 | 1298.0 |
               +--------+--------+--------+--------+--------+-----+--------+

Top non-repeatable levels by time:
     D:3: 2514 daAuts
     D:2: 1388 daAuts
     D:1: 1186 daAuts
     D:4: 964 daAuts
     D:5: 437 daAuts
